Map: Data-C

Players

MeomaikA

  • Race: Zerg Zerg
  • Spawn Location: 9:00

trigger - Winner!

  • Race: Protoss Protoss
  • Spawn Location: 3:00

Event: DreamHack SC2 Masters 2022 Atlanta (Offline)

VOD

Have the link to the VOD?

Description

Time

  • Played on: Nov. 18, 2022, 5:29 p.m.
  • Length: 13:07

All games in this series

Show
View Real Time Build Order
Export as new Build Order

MeomaikA Zerg 

Build Orders: Pool First 

Get SALT Encoding   

  12  0:00  Drone  
  13  0:08  Drone  
  14  0:17  Extractor  
  14  0:18  Drone  
  15  0:22  Overlord  
  15  0:37  Spawning Pool  
  15  0:40  Drone  
  15  0:44  Drone  
  15  0:48  Drone  
  17  1:09  Hatchery  
  16  1:11  Drone  
  16  1:13  Extractor  
  16  1:26  Zergling x4  
  16  1:27  Zergling x2  
  19  1:36  Queen  
  19  1:38  Drone  
  22  1:47  Overlord  
  22  2:05  Drone  
  23  2:09  Drone  
  23  2:11  Queen  
  26  2:19  Metabolic Boost  
  26  2:20  Drone  
  26  2:22  Drone  
  28  2:31  Drone  
  28  2:32  Drone  
  30  2:41  Drone  
  30  2:42  Drone  
  32  2:52  Drone  
  33  2:58  Drone, Hatchery  
  33  3:01  Drone  
  34  3:06  Overlord  
  34  3:08  Drone  
  34  3:12  Zergling x2  
  36  3:19  Lair  
  36  3:22  Spore Crawler  
  36  3:23  Drone  
  36  3:26  Drone  
  37  3:28  Drone  
  37  3:30  Drone  
  39  3:35  Drone x2, Extractor  
  39  3:38  Drone  
  41  3:42  Drone  
  41  3:44  Overlord  
  42  3:49  Overlord  
  42  3:52  Drone  
  42  3:53  Drone  
  44  4:05  Zergling x2  
  44  4:07  Zergling x2  
  44  4:12  Zergling x4, Overlord  
  44  4:13  Zergling x2  
  44  4:15  Spore Crawler  
  45  4:17  Hydralisk Den  
  45  4:19  Zergling x4  
  45  4:20  Zergling x2  
  45  4:21  Drone  
  45  4:22  Drone  
  49  4:30  Zergling x6  
  52  4:35  Overlord  
  52  4:46  Hydralisk x3  
  52  4:47  Muscular Augments  
  52  4:49  Hydralisk  
  60  4:52  Hydralisk  
  60  4:57  Hydralisk  
  62  5:03  Zergling x8  
  62  5:04  Zergling x2  
  67  5:08  Zergling x2  
  67  5:09  Zergling x2  
  67  5:10  Zergling x2  
  67  5:12  Zergling x2  
  71  5:14  Zergling x2  
  71  5:15  Zergling x2  
  71  5:18  Hydralisk  
  74  5:23  Hydralisk  
  74  5:24  Zergling x2  
  74  5:26  Zergling x2  
  79  5:28  Zergling x2  
  79  5:29  Zergling x2  
  81  5:35  Zergling x4  
  81  5:36  Zergling x2  
  80  5:44  Zergling x2  
  80  5:45  Zergling x2  
  80  5:47  Zergling x2  
  80  5:48  Zergling x2  
  81  5:50  Overlord  
  81  5:59  Grooved Spines  
  81  6:08  Zergling x4  
  81  6:09  Zergling x6  
  81  6:10  Zergling x4  
  83  6:11  Zergling x2  
  83  6:13  Zergling x6  
  83  6:14  Zergling x4  
  83  6:18  Zergling x2  
  82  6:20  Zergling x2  
  82  6:22  Zergling x2  
  77  6:29  Hydralisk x2  
  77  6:31  Hydralisk  
  77  6:32  Hydralisk  
  83  6:33  Hydralisk  
  83  6:35  Zergling x2  
  83  6:39  Zergling x2  
  81  6:40  Hydralisk  
  81  6:42  Zergling x2  
  81  6:44  Zergling x2  
  81  6:45  Zergling x2  
  81  6:46  Zergling x2  
  83  6:50  Zergling x2  
  83  6:54  Zergling x2  
  75  6:55  Hydralisk  
  75  7:00  Hydralisk  
  77  7:05  Zergling x2, Hydralisk  
  80  7:09  Hydralisk  
  80  7:12  Zergling x6  
  80  7:15  Zergling x2  
  86  7:18  Zergling x2  
  89  7:23  Zergling x2  
  89  7:27  Zergling x6  
  89  7:28  Zergling x2  
  89  7:29  Zergling x2  
  88  7:33  Zergling x2  
  80  7:38  Zergling x2  
  80  7:39  Zergling x2  
  80  7:40  Zergling x4  
  80  7:41  Zergling x2  
  80  7:43  Zergling x2  
  77  7:49  Zergling x2  
  75  7:52  Zergling x2  
  75  7:54  Zergling x2  
  75  7:55  Zergling x2  
  75  7:56  Zergling x2  
  75  7:57  Zergling x2  
  77  8:02  Zergling x2  
  77  8:03  Zergling x2  
  77  8:05  Zergling x2  
  73  8:12  Zergling x2  
  68  8:14  Drone  
  68  8:16  Drone  
  64  8:25  Drone  
  64  8:26  Drone x2  
  66  8:32  Evolution Chamber x2  
  66  8:33  Drone x2  
  66  8:34  Drone  
  66  8:35  Drone x2  
  66  8:39  Drone  
  70  8:41  Extractor  
  70  8:43  Hatchery  
  70  8:44  Queen  
  70  8:46  Drone x2  
  72  8:49  Drone x4  
  72  9:07  Hydralisk x2  
  72  9:08  Zerg Melee Weapons Level 1  
  72  9:09  Drone x3, Zerg Missile Weapons Level 1  
  79  9:13  Drone x2  
  79  9:15  Drone  
  79  9:16  Drone  
  83  9:18  Hydralisk  
  83  9:23  Hydralisk  
  83  9:24  Hydralisk  
  87  9:26  Overlord  
  87  9:29  Overlord  
  89  9:33  Overlord  
  89  9:38  Baneling Nest  
  89  9:43  Drone  
  89  9:47  Drone  
  89  9:48  Drone x7  
  89  9:51  Drone x2  
  89  9:52  Drone x2  
  101  9:55  Overlord  
  101  9:57  Zergling x4  
  101  9:59  Hydralisk  
  105  10:00  Zergling x4  
  105  10:02  Zergling x2  
  105  10:06  Queen  
  110  10:07  Overlord  
  110  10:09  Zergling x2  
  110  10:11  Zergling x4  
  110  10:17  Zergling x4  
  110  10:18  Hydralisk x2  
  110  10:19  Zergling x2  
  117  10:23  Centrifugal Hooks  
  117  10:25  Zergling x2  
  117  10:28  Hydralisk x2  
  117  10:29  Hydralisk  
  117  10:32  Zergling x4  
  117  10:34  Zergling x4  
  117  10:35  Zergling x2  
  128  10:37  Overlord  
  128  10:39  Overlord  
  128  10:41  Hydralisk  
  128  10:42  Zergling x2  
  131  10:44  Zergling x4  
  131  10:45  Zergling x2  
  131  10:46  Zergling x2  
  131  10:48  Overlord  
  135  10:50  Overlord  
  131  11:14  Zergling x2  
  131  11:15  Zergling x34  
  149  11:21  Overlord  
  149  11:22  Hydralisk  
  151  11:25  Hydralisk  
  151  11:26  Hydralisk  
  151  11:28  Hydralisk  
  151  11:29  Hydralisk  
  151  11:30  Zergling x2  
  160  11:37  Zergling x2  
  160  11:38  Zergling x8  
  160  11:39  Zergling x4  
  166  11:44  Baneling x7  
  166  11:45  Overlord  
  166  11:46  Zergling x4  
  168  11:48  Zergling x2  
  168  11:53  Zergling x2  
  168  11:54  Zergling x4  
  172  11:55  Overlord  
  172  11:59  Zergling x8  
  174  12:04  Baneling x7  
  174  12:05  Zergling x4  
  174  12:06  Zergling x2  
  174  12:07  Zergling x4  
  179  12:10  Zergling x4, Hatchery  
  179  12:12  Zergling x6  
  179  12:13  Zergling x2  
  179  12:24  Drone  
  179  12:25  Drone x6  
  186  12:32  Zergling x2  
  186  12:33  Zergling x2  
  186  12:34  Hydralisk x2  
  173  12:38  Zergling x2  
  173  12:39  Zergling x2, Hydralisk x2  
  173  12:41  Baneling x4  
  173  12:42  Zergling x2  
  175  12:44  Zergling x2  
  175  12:48  Zergling x2  
Show
View Real Time Build Order
Export as new Build Order

trigger Protoss - Winner!

Build Orders: 1 Gate Expand, Oracle Opening 

Get SALT Encoding   

  12  0:00  Probe  
  13  0:12  Probe  
  14  0:19  Pylon  
  14  0:24  Probe  
  15  0:37  Probe (Chrono Boost)  
  15  0:38  Gateway  
  16  0:47  Probe (Chrono Boost), Assimilator  
  17  0:52  Probe (Chrono Boost)  
  18  1:04  Probe  
  19  1:16  Probe  
  20  1:26  Cybernetics Core  
  20  1:34  Nexus  
  20  1:36  Probe  
  21  1:43  Pylon  
  21  1:49  Probe  
  22  1:59  Adept (Chrono Boost), Gateway  
  22  2:06  Warp Gate  
  24  2:09  Probe  
  25  2:16  Assimilator  
  25  2:22  Adept  
  26  2:25  Probe (Chrono Boost)  
  27  2:33  Gateway  
  28  2:37  Probe (Chrono Boost)  
  28  2:46  Probe (Chrono Boost)  
  28  2:47  Probe (Chrono Boost)  
  30  2:53  Stargate  
  30  2:55  Probe (Chrono Boost)  
  30  2:56  Probe (Chrono Boost)  
  32  3:02  Stalker  
  32  3:03  Probe  
  32  3:04  Probe  
  36  3:10  Shield Battery  
  36  3:15  Probe  
  36  3:17  Probe  
  38  3:28  Probe  
  38  3:29  Probe  
  38  3:33  Oracle (Chrono Boost)  
  40  3:39  Pylon  
  40  3:40  Probe  
  44  3:41  Probe  
  45  3:52  Probe  
  46  3:56  Nexus  
  46  3:57  Probe  
  46  4:09  Oracle  
  47  4:10  Probe  
  47  4:13  Probe  
  47  4:22  Probe  
  48  4:24  Twilight Council  
  48  4:25  Probe  
  48  4:27  Adept x2  
  53  4:31  Pylon  
  53  4:34  Probe  
  53  4:35  Assimilator  
  54  4:39  Assimilator  
  54  4:42  Forge  
  54  4:49  Probe x2  
  56  4:58  Adept x2  
  60  5:01  Probe x2  
  62  5:08  Probe  
  62  5:10  Shield Battery  
  62  5:13  Probe  
  68  5:15  Void Ray (Chrono Boost)  
  68  5:16  Photon Cannon  
  68  5:17  Probe  
  68  5:20  Probe  
  70  5:22  Adept  
  70  5:23  Adept  
  70  5:26  Probe, Pylon  
  75  5:29  Blink (Chrono Boost)  
  76  5:39  Gateway  
  75  5:46  Stalker x2  
  79  5:52  Gateway  
  79  5:55  Photon Cannon x2  
  79  6:03  Pylon  
  79  6:04  Shield Battery  
  79  6:10  Stalker  
  77  6:12  Sentry  
  77  6:19  Void Ray (Chrono Boost)  
  76  6:26  Gateway  
  76  6:28  Shield Battery  
  76  6:34  Adept x2  
  76  6:35  Adept  
  82  6:45  Shield Battery  
  76  6:47  Adept  
  78  6:56  Stalker x3  
  78  6:59  Probe x2  
  78  7:00  Shield Battery  
  86  7:03  Photon Cannon  
  86  7:04  Probe  
  86  7:07  Sentry  
  86  7:08  Protoss Ground Weapons Level 1 (Chrono Boost)  
  89  7:11  Probe  
  90  7:19  Pylon x2  
  90  7:21  Sentry, Pylon  
  92  7:33  Stalker x3  
  88  7:38  Stalker  
  84  7:45  Stalker  
  84  7:50  Void Ray  
  84  7:58  Zealot  
  84  7:59  Zealot x2  
  84  8:00  Probe x3  
  84  8:04  Zealot  
  81  8:10  Zealot  
  81  8:12  Probe  
  69  8:17  Probe  
  69  8:18  Probe  
  69  8:20  Stalker x3  
  75  8:27  Stalker  
  75  8:30  Probe x2  
  75  8:33  Stalker  
  82  8:34  Probe  
  82  8:41  Templar Archives  
  82  8:43  Probe  
  82  8:44  Sentry x2  
  82  8:45  Sentry  
  82  8:47  Probe  
  90  8:50  Probe  
  90  8:55  Probe, Assimilator  
  92  9:01  Psionic Storm  
  89  9:04  Zealot x2  
  89  9:07  Zealot x2  
  97  9:12  Probe  
  97  9:13  Gateway  
  97  9:14  Probe  
  97  9:15  Probe  
  100  9:25  High Templar  
  100  9:26  High Templar  
  100  9:27  Assimilator  
  100  9:28  Probe  
  105  9:35  High Templar  
  105  9:37  Zealot x2  
  111  9:39  Protoss Ground Weapons Level 2 (Chrono Boost)  
  111  9:42  Robotics Facility  
  111  9:46  Probe x2  
  111  9:47  Probe  
  111  9:51  Pylon  
  114  10:01  Probe x2  
  116  10:11  High Templar, Pylon  
  116  10:12  Pylon  
  118  10:14  Pylon  
  118  10:15  Nexus  
  118  10:21  Charge  
  118  10:28  High Templar  
  118  10:29  High Templar  
  118  10:33  Archon  
  122  10:40  Shield Battery, Probe x2  
  122  10:41  Observer (Chrono Boost)  
  122  10:42  Photon Cannon  
  125  10:47  Zealot x4  
  133  10:54  Immortal (Chrono Boost)  
  133  10:55  Gateway  
  136  11:01  Photon Cannon  
  136  11:10  Probe x2  
  138  11:12  Photon Cannon  
  138  11:17  High Templar x4  
  146  11:21  Archon x2  
  146  11:25  Probe x2  
  148  11:26  Probe  
  148  11:27  Probe  
  148  11:30  Assimilator  
  150  11:33  Zealot x2, Assimilator  
  150  11:36  Immortal  
  158  11:48  Gateway  
  158  11:51  Gateway, High Templar x2  
  158  11:52  Zealot  
  164  11:55  Pylon  
  164  11:56  Archon  
  164  11:57  Pylon  
  164  11:59  Pylon  
  164  12:09  Pylon  
  164  12:10  Gateway  
  164  12:13  Gateway  
  164  12:21  Zealot x5  
  172  12:40  Zealot x2  
  162  12:47  Zealot x7  
  172  12:56  Archon  
  144  13:03  Zealot x2  
Tags
 
Add a new tag
Caveats
  • Supply blocks, unpowered buildings, or Contaminate may cause inaccurate times.
  • Supply counts are checked every 10 seconds.